 Dungeon Crawl Stone Soup version 0.31-a0-83-gbff143cfd1 (webtiles) character file.

Game seed: 149511899581405529

11 Esekla the Sneak (level 2, -3/21 HPs)
             Began as an Octopode Delver on May 25, 2023.
             Slain by a water moccasin (6 damage)
             ... on level 5 of the Dungeon.
             The game lasted 00:02:09 (138 turns).

Esekla the Sneak (Octopode Delver)                   Turns: 138, Time: 00:02:10

Health: -3/21      AC:  1    Str: 11    XL:     2   Next: 29%
Magic:  2/2        EV: 13    Int: 12    God:
Gold:   7          SH:  0    Dex: 13    Spells: 1/1 levels left

rFire   . . .        a - +0 falchion
rCold   . . .        (no shield)
rNeg    . . .        (helmet restricted)
rPois   .            (no amulet)
rElec   .            (no ring)
rCorr   .            (no ring)
SInv    .            (no ring)
Will    .....        (no ring)
Stlth   ++++         (no ring)
HPRegen 0.23/turn    (no ring)
MPRegen 0.08/turn    (no ring)
                     (no ring)

%: no passive effects
@: lethally poisoned (-3 -> -5)
A: almost no armour, amphibious, 8 rings, camouflage 1, gelatinous body 1,
(nimble swimmer 1), tentacles
a: no special abilities


You were on level 5 of the Dungeon.
You visited 1 branch of the dungeon, and saw 1 of its levels.

You collected 7 gold pieces.

Inventory:

Hand Weapons
 a - a +0 falchion (weapon)
Wands
 f - a wand of digging (2)
Scrolls
 b - a scroll of fog


   Skills:
 * Level 3.1 Fighting
 * Level 2.1 Long Blades
 * Level 2.1 Dodging
 + Level 6.9 Stealth
 * Level 0.3 Spellcasting


You had one spell level left.
You didn't know any spells.
Your spell library was empty.

Dungeon Overview and Level Annotations

Branches:
Dungeon (5/15)             Temple (0/1) D:5

Altars:

Annotations:
D:5 Edmund, Sigmund


Innate Abilities, Weirdness & Mutations

You cannot wear most types of armour.
You are amphibious.
You can wear up to eight rings at the same time.
Your skin changes colour to match your surroundings (Stealth+).
Your rubbery body absorbs attacks. (AC +1, EV +1)
((You are camouflaged when in or above water. (Stealth+)))
You have tentacles for arms and can constrict up to eight enemies at once.


Message History

The gnoll shouts!
Sigmund is no longer unusually resistant.
Sigmund gestures wildly while chanting.
Sigmund flickers and vanishes!
You hear a shout! x2
You see here a potion of resistance.
The water moccasin hisses angrily.
The water moccasin misses you.
The water moccasin attacks as you move away!
The water moccasin misses you.
You aren't carrying any potions.
Unknown command.
Okay, then.
The water moccasin bites you.
You are poisoned.
The water moccasin poisons you!
The water moccasin attacks as you move away!
The water moccasin closely misses you.
You feel sick.
The water moccasin attacks as you move away!
The water moccasin misses you.
You feel sick.
You hit the water moccasin. You grab the water moccasin.
The water moccasin is lightly wounded.
You constrict the water moccasin.
You feel sick.
Sigmund appears from thin air!
Reactivating autopickup.
The water moccasin barely misses you.
Sigmund gestures wildly while chanting.
Sigmund flickers and vanishes!
Deactivating autopickup; reactivate with Ctrl-A.
The water moccasin bites you!
* * * LOW HITPOINT WARNING * * *
You barely miss the water moccasin. You squeeze the water moccasin!
The water moccasin is moderately wounded.
You constrict the water moccasin.
You feel sick. The water moccasin barely misses you.
The water moccasin completely misses you.
You hit the water moccasin. You squeeze the water moccasin.
The water moccasin is severely wounded.
You constrict the water moccasin.
You feel sick. The water moccasin misses you. The water moccasin bites you.
You die...

,,,,,*#..#..{### ##..##..##...,,,
,,,,....####...####...........,,,
,,*.....* ###...###.........****
,,,#....#* ##....#.....###** *
.........# ##.........##### *
.........## ##............##**
..........# ##..#.#.#.#.#..##,
W.........## ###.................
.......[...###.S@#.#.......#.....
**#............###...............
*#......†)..## #.#...>...#.....
#..........# #...............
#..###.....# #.#.......#..... #
#..# ###...# #...........#..# #
#.## ###.#**#.#.#.#.#.#.#..#
####.# #..#............@#..#
..#..# ##.......##....###..#


You could see a water moccasin.

Vanquished Creatures
  An adder (D:5)
  An orc (D:5)
2 creatures vanquished.

Notes
Turn   | Place    | Note
-------+----------+-------------------------------------------
     0 | D:5      | Esekla the Octopode Delver began the quest for the Orb.
     0 | D:5      | Reached XP level 1. HP: 16/16 MP: 1/1
    25 | D:5      | Noticed a phantom
    27 | D:5      | Noticed Edmund
    28 | D:5      | Found a staircase to the Ecumenical Temple.
    28 | D:5      | Noticed a water moccasin
    56 | D:5      | Noticed Sigmund
    82 | D:5      | Reached XP level 2. HP: 17/21 MP: 2/2
   138 | D:5      | Slain by a water moccasin

Illustrated notes

Levels and vault maps discovered:
D:5:      layout_layer_cave, minmay_temple_entry_glass, ebering_ghost_sewer_f,
          st_stairs_9, grunt_ministairs_13, uniq_grinder, uniq_eustachio,
          uniq_sigmund, uniq_edmund

Action                     || total
---------------------------++-------
  Melee: Falchion          ||    11
         Tentacles         ||     3
         Constrict         ||     2
  Evoke: Wand              ||     1
    Use: Scroll            ||     2
         Potion            ||     1
 Armour: Skin              ||     1
  Dodge: Dodged            ||    19

Table legend: (Time is in decaauts)
 A = Elapsed time spent in this place.
 B = Non-inter-level travel time spent in this place.
 C = Inter-level travel time spent in this place.
 D = Time resting spent in this place.
 E = Time spent auto-exploring this place.
 F = Levels seen in this place.
 G = Mean time per level.
                   A        B        C        D        E       F      G
               +--------+--------+--------+--------+--------+-----+--------+
         Total |    124 |    124 |      0 |      0 |      0 |   1 |  124.0 |
       Dungeon |    124 |    124 |      0 |      0 |      0 |   1 |  124.0 |
               +--------+--------+--------+--------+--------+-----+--------+

Top non-repeatable levels by time:
     D:5: 124 daAuts
